 Dungeon Crawl Stone Soup version 0.22.0-6-g71bd7aa6b3 (webtiles) character file.

41 Jorund the Skirmisher (level 3, -3/20 HPs)
             Began as a Vine Stalker Fighter on Aug 15, 2018.
             Killed by nerve-wracking pain
             ... invoked by Jessica
              (6 damage)
             ... on level 2 of the Dungeon.
             The game lasted 00:01:42 (1323 turns).

Jorund the Skirmisher (Vine Stalker Fighter)        Turns: 1323, Time: 00:01:43

Health: -3/20      AC:  9    Str: 23    XL:     3   Next: 52%
Magic:  0/4        EV:  9    Int:  9    God:
Gold:   93         SH:  0    Dex: 13    Spells: 2/2 levels left

rFire    . . .     SeeInvis .   a - +0 war axe
rCold    . . .     Gourm    .   (no shield)
rNeg     . . .     Faith    .   b - +0 scale mail
rPois    .         Spirit   +   g - +0 helmet
rElec    .         Reflect  .   (no cloak)
rCorr    .         Harm     .   (no gloves)
MR       .....                  (no boots)
Stlth    ..........             (no amulet)
HPRegen  0.06/turn              m - +2 ring of protection
MPRegen  0.09/turn              (no ring)

@: mighty
A: fangs 2, magic shield, antimagic bite, no potion heal 3, rot immunity
a: no special abilities


You were on level 2 of the Dungeon.
You were not hungry.

You visited 1 branch of the dungeon, and saw 2 of its levels.

You collected 93 gold pieces.

Inventory:

Hand Weapons
 a - a +0 war axe (weapon)
Missiles
 e - 13 poisoned needles
Armour
 b - a +0 scale mail (worn)
 c - a +0 shield
 g - a +0 helmet (worn)
Jewellery
 m - a +2 ring of protection (left hand)
Scrolls
 h - 2 scrolls of teleportation {unknown}
 j - 3 scrolls of enchant armour {unknown}
 k - 2 scrolls of remove curse {unknown}
 l - a scroll of immolation {unknown}
Potions
 i - a potion of mutation {unknown}
 o - a potion of agility {unknown}
Comestibles
 f - 4 rations
 n - 6 chunks of flesh


   Skills:
 + Level 3.0 Fighting
 * Level 2.8 Axes
 + Level 2.7 Armour
 - Level 2.6 Shields


You had 2 spell levels left.
You didn't know any spells.
Your spell library was empty.

Dungeon Overview and Level Annotations

Branches:
Dungeon (2/15)

Altars:
Uskayaw

Annotations:
D:2 Jessica


Innate Abilities, Weirdness & Mutations

You have extremely sharp teeth.
When hurt, damage is shared between your health and your magic reserves.
Your bite disrupts and absorbs the magic of your enemies.
Potions cannot restore your health.
You are immune to rotting.


Message History

Jessica hits you with a dagger.
* * * LOW HITPOINT WARNING * * *
You hit Jessica.
Jessica is severely wounded.
Jessica points at you and mumbles some strange words.
Pain shoots through your body!
* * * LOW HITPOINT WARNING * * *
Jessica closely misses you. Jessica hits you but does no damage.
Unknown command.
You barely miss Jessica.
Jessica is severely wounded.
Jessica closely misses you.
Jessica mumbles some strange words.
Jessica blinks!
Unknown command.
You feel very mighty all of a sudden.
Jessica shouts, "Stop bothering me, or I'll kill you!"
Jessica points at you and mumbles some strange words.
Pain shoots through your body!
You die...

.. ### ############..
###.. .. ................
#...## ##.#
.#########.#.###
#.#..###.## .#
#######.#.## #.#.......#
.# .......)...#
#.#..(....# .#
.######.#..#
#.........####.# #....#
#.............$# ##...#
#.........###@##
####...##
####.........##...#
#........
....................
....#####.#
######.######.#.@.##.###.
#.# #.# #.##.## # #.. #[#
#.##.# #.# #.# ..#.#
###.#####.# #..# ...
.....>....# #..#
######.#.##


You could see Jessica.

Vanquished Creatures
  An adder (D:2)
  A worm (D:2)
  3 dart slugs (D:1)
  4 goblins
  3 hobgoblins
  3 bats (D:1)
  A frilled lizard (D:1)
  3 kobolds (D:1)
  6 rats
25 creatures vanquished.

Notes
Turn   | Place    | Note
-------+----------+-------------------------------------------
     0 | D:1      | Jorund the Vine Stalker Fighter began the quest for the Orb.
     0 | D:1      | Reached XP level 1. HP: 11/11 MP: 2/2
    93 | D:1      | Reached XP level 2. HP: 11/16 MP: 3/3
   602 | D:1      | Reached XP level 3. HP: 19/19 MP: 4/4
   643 | D:1      | Reached skill level 3 in Fighting
   779 | D:2      | Found a hide-covered altar of Uskayaw.
  1318 | D:2      | Noticed Jessica
  1323 | D:2      | Killed from afar by Jessica

Skill      XL: |  1  2  3 |
---------------+----------+-----
Axes           | 2 |  2.8
Fighting       | 3 |  3.0
Armour         | |  2.7
Shields        | |  2.6

Action                   || total
-------------------------++-------
Melee: War axe           ||    66
       Bite              ||    13
  Use: Potion            ||     1
  Eat: Chunk             ||     1
Armor: Scale mail        ||    38
Dodge: Dodged            ||    32
